Map: Pillars of Gold LE

Players

HeroMarine

  • Race: Terran Terran
  • League: Master
  • Spawn Location: 1:00

PtitDrogo - Winner!

  • Race: Protoss Protoss
  • League: Grandmaster
  • Spawn Location: 7:00

Event: DreamHack SC2 Masters 2020 Summer Europe

VOD

Have the link to the VOD?

Description

Time

  • Played on: July 2, 2020, 12:16 p.m.
  • Length: 10:49

All games in this series

Show
View Real Time Build Order
Export as new Build Order

HeroMarine Terran 

Build Orders: Reaper Expand 

Get SALT Encoding   

  12  0:00  SCV  
  13  0:13  SCV  
  14  0:18  Supply Depot  
  14  0:25  SCV  
  15  0:39  SCV  
  15  0:41  Barracks  
  16  0:44  Refinery  
  16  0:51  SCV  
  17  1:03  SCV  
  18  1:15  SCV  
  19  1:27  Reaper  
  19  1:28  Orbital Command  
  20  1:45  Command Center  
  20  1:50  Supply Depot  
  21  1:54  SCV  
  21  1:59  Marine  
  22  2:06  SCV  
  23  2:10  Factory  
  23  2:15  Refinery  
  23  2:19  SCV  
  23  2:21  Barracks Reactor  
  24  2:31  SCV, Bunker  
  25  2:43  SCV  
  26  2:55  SCV  
  26  2:58  Marine x2, Factory Tech Lab  
  27  3:00  Barracks  
  27  3:07  SCV  
  28  3:15  Orbital Command  
  28  3:19  SCV  
  29  3:21  Cyclone  
  29  3:25  Marine  
  29  3:27  Marine  
  33  3:31  SCV  
  35  3:41  SCV  
  35  3:43  SCV, Marine  
  35  3:44  Marine  
  35  3:47  Barracks Tech Lab  
  39  3:53  SCV, Engineering Bay  
  40  3:56  SCV  
  40  4:02  Barracks  
  41  4:05  Stimpack  
  41  4:06  SCV  
  41  4:08  SCV  
  43  4:10  Supply Depot  
  43  4:18  SCV, Terran Infantry Weapons Level 1  
  43  4:20  SCV  
  45  4:24  Factory Reactor, Starport  
  45  4:30  SCV  
  46  4:32  SCV, Marauder  
  46  4:34  Marine  
  46  4:35  Marine  
  46  4:38  Supply Depot  
  51  4:42  SCV  
  51  4:44  SCV  
  53  4:46  Refinery  
  53  4:50  Combat Shield  
  53  4:51  Marine  
  54  4:59  Marine x2  
  58  5:00  SCV x2  
  58  5:03  Supply Depot  
  58  5:05  Supply Depot  
  58  5:12  SCV x2  
  58  5:14  Medivac x2  
  64  5:15  Marauder  
  64  5:18  Marauder  
  68  5:22  Supply Depot, Marine  
  68  5:24  Marine  
  68  5:28  SCV x2  
  69  5:36  Factory Reactor  
  69  5:37  Marauder  
  69  5:39  Marauder  
  69  5:40  SCV x2  
  75  5:43  Marine x2  
  77  5:50  Supply Depot, Refinery  
  77  5:54  SCV  
  77  5:55  SCV  
  79  6:01  Medivac x2, Marine x2  
  85  6:05  Marauder  
  85  6:06  Marauder  
  88  6:18  Marine  
  88  6:19  Marine  
  88  6:20  Terran Infantry Armor Level 1  
  88  6:25  Widow Mine x2  
  90  6:26  Marauder  
  90  6:27  Marauder  
  94  6:36  Marine x2  
  96  6:40  Command Center  
  96  6:45  Medivac x2  
  100  6:48  Marauder  
  100  6:51  Supply Depot  
  102  6:57  Marauder  
  102  6:58  Marine  
  102  6:59  Supply Depot, Marine  
  105  7:06  Concussive Shells  
  105  7:07  SCV  
  110  7:12  SCV  
  110  7:13  Marauder  
  109  7:17  Barracks  
  109  7:18  Marauder, Barracks  
  109  7:20  SCV  
  112  7:24  Viking, SCV  
  112  7:26  Viking  
  117  7:32  Starport  
  117  7:36  Marauder  
  119  7:39  Marauder  
  119  7:40  SCV x2  
  123  7:55  SCV x2  
  123  7:57  Marine x2  
  123  7:58  Marauder  
  129  8:01  Marauder  
  129  8:02  Viking, Factory Reactor  
  129  8:04  Viking  
  135  8:09  SCV x2  
  132  8:16  Orbital Command  
  130  8:27  Barracks Reactor  
  130  8:28  Barracks Tech Lab  
  130  8:31  Viking  
  130  8:34  Viking  
  130  8:35  Marauder x2  
  130  8:40  Supply Depot x2  
  136  8:46  Viking x2  
  140  8:50  Marauder  
  140  8:52  Marine x3  
  140  8:53  Marine  
  146  8:57  Marauder  
  146  9:02  Marauder  
  152  9:04  Viking, Supply Depot  
  152  9:05  Viking  
  154  9:11  Marine  
  154  9:12  Marauder, Marine  
  154  9:13  Marine x2  
  160  9:18  Marauder  
  160  9:19  Viking  
  164  9:24  Viking  
  164  9:26  Marauder  
  164  9:28  Supply Depot  
  164  9:30  Supply Depot  
  167  9:34  Liberator x2  
  167  9:36  Marine x3  
  173  9:44  Supply Depot  
  173  9:49  Marine  
  174  9:57  Medivac  
  174  9:58  Medivac  
  172  10:02  Marauder  
  157  10:08  Marauder, Marine x2  
  159  10:16  Marauder  
  159  10:19  Marine x2  
  131  10:23  Marauder  
  131  10:26  Marine x2  
  118  10:29  Marine  
  92  10:35  SCV x2  
  92  10:36  SCV  
  92  10:37  Missile Turret  
Show
View Real Time Build Order
Export as new Build Order

PtitDrogo Protoss - Winner!

Build Orders: 1 Gate Expand, Blink Stalkers, Colossus Rush 

Get SALT Encoding   

  12  0:00  Probe  
  13  0:13  Probe  
  14  0:18  Pylon  
  14  0:25  Probe  
  15  0:34  Probe  
  15  0:36  Gateway  
  15  0:42  Probe  
  16  0:47  Assimilator  
  17  0:52  Probe  
  18  1:04  Probe  
  19  1:16  Probe  
  20  1:23  Cybernetics Core  
  20  1:34  Nexus  
  20  1:40  Pylon  
  20  1:44  Probe  
  20  1:49  Adept, Assimilator  
  20  1:56  Probe  
  23  2:06  Shield Battery  
  23  2:10  Probe  
  23  2:11  Stalker  
  23  2:12  Warp Gate  
  26  2:30  Probe  
  27  2:39  Twilight Council  
  27  2:42  Probe x2  
  29  2:54  Probe  
  32  2:59  Probe  
  33  3:06  Probe  
  33  3:08  Probe  
  33  3:09  Robotics Facility  
  33  3:11  Blink  
  33  3:16  Probe  
  33  3:18  Probe  
  34  3:25  Probe  
  35  3:30  Probe  
  35  3:32  Gateway  
  37  3:40  Gateway  
  37  3:41  Probe  
  37  3:43  Probe  
  37  3:46  Pylon  
  39  3:49  Observer  
  39  3:53  Probe  
  39  3:55  Probe  
  41  4:00  Stalker  
  44  4:03  Assimilator  
  44  4:05  Probe  
  44  4:07  Probe  
  44  4:08  Assimilator  
  44  4:09  Observer  
  47  4:17  Probe  
  47  4:19  Probe  
  49  4:25  Pylon x2  
  49  4:29  Probe  
  49  4:31  Probe  
  51  4:33  Stalker  
  53  4:42  Probe  
  53  4:43  Probe  
  53  4:45  Nexus  
  55  4:50  Stalker  
  55  4:51  Stalker, Observer  
  59  4:54  Probe  
  59  4:56  Probe  
  61  5:05  Robotics Bay  
  61  5:06  Probe  
  62  5:07  Forge  
  62  5:16  Probe  
  62  5:17  Stalker x2  
  62  5:18  Sentry  
  69  5:22  Probe  
  69  5:24  Observer  
  70  5:37  Pylon  
  70  5:40  Shield Battery  
  70  5:41  Colossus  
  70  5:43  Shield Battery  
  70  5:49  Protoss Ground Weapons Level 1  
  70  5:50  Charge  
  70  5:51  Gateway  
  70  5:54  Gateway  
  70  5:55  Probe x2  
  78  6:05  Probe, Extended Thermal Lance  
  79  6:15  Stalker, Sentry  
  81  6:27  Pylon  
  81  6:29  Pylon  
  81  6:32  Colossus, Gateway  
  81  6:35  Stalker  
  81  6:38  Probe x2  
  81  6:39  Pylon  
  91  6:52  Probe  
  92  6:54  Probe x2  
  92  7:00  Probe  
  94  7:02  Probe x2, Zealot x3  
  94  7:08  Probe, Pylon  
  103  7:10  Probe x2, Stalker  
  103  7:13  Stalker  
  108  7:16  Colossus  
  108  7:21  Photon Cannon  
  108  7:22  Probe  
  115  7:32  Stalker x3  
  115  7:36  Probe  
  122  7:38  Pylon, Assimilator  
  122  7:39  Assimilator  
  122  7:42  Protoss Ground Weapons Level 2, Pylon  
  122  7:45  Forge  
  122  7:50  Pylon  
  122  7:51  Pylon  
  122  7:53  Robotics Facility  
  122  7:56  Stalker x3  
  126  7:59  Pylon  
  123  8:17  Disruptor  
  123  8:18  Probe x2  
  129  8:28  Protoss Ground Armor Level 1  
  129  8:31  Nexus  
  129  8:32  Pylon  
  129  8:33  Gateway x2  
  128  8:40  Disruptor  
  128  8:41  Dark Shrine  
  131  8:50  Disruptor  
  131  8:52  Shield Battery  
  131  8:53  Zealot x3  
  131  8:54  Photon Cannon  
  140  9:05  Shield Battery  
  140  9:08  Disruptor  
  137  9:13  Zealot x2  
  137  9:14  Zealot  
  146  9:23  Disruptor  
  149  9:41  Stalker x5  
  149  9:42  Stalker  
  149  9:44  Disruptor  
  160  9:56  Dark Templar x2  
  160  9:59  Disruptor  
  151  10:12  Zealot x6  
  126  10:30  Probe  
  126  10:35  Stalker x8  
Tags
 
Add a new tag
Caveats
  • Supply blocks, unpowered buildings, or Contaminate may cause inaccurate times.
  • Supply counts are checked every 10 seconds.